AoeStats
← Gim

Black Forest

507052731Analyzed
4v4 RM · 15d ago on Sep 16, 2026· 26m 32s· 8 players
Game mode
Random Map
Map size
Large (8 player)
Population
200
Speed
Normal
Resources
Standard
Victory
Conquest
Starting age
Dark Age
Ending age
Imperial Age
RankedLock teamsTeams togetherTeam positionsShared explorationLock speedFull tech treeHidden civsTurbo modeCheats
Victory
Defeat
🇨🇳 Portuguese · China
1260
+13
🇨🇳 Jurchens · China
1244
+14
🇨🇳 Vietnamese · China
1217
+15
🇦🇺 Burmese · Australia
1198
+15
🇩🇪 Khmer · Germany
1232
-16
🇸🇪 Teutons · Sweden
1217
-15
🇸🇪 Britons · Sweden
1165
-13
🇵🇪 Persians · Peru
1153
-13
muui
12:04 Feudal Age
10:25 Loom
14:42 Double-Bit Axe
17:11 Castle Age
15:51 Horse Collar
21:03 Town Watch
25:05 Bow Saw
Gim
1:45 Loom
12:15 Feudal Age
16:32 Castle Age
15:39 Double-Bit Axe
16:47 Stone Mining
17:21 Pikeman
23:41 Horse Collar
26:00 Bow Saw
Alicat
5:53 Loom
11:41 Feudal Age
15:46 Castle Age
13:30 Horse Collar
17:11 Heavy Plow
21:43 Forging
22:33 Wheelbarrow
26:02 Gold Mining
12014665
0:55 Loom
9:54 Feudal Age
10:13 Man-at-Arms
13:58 Horse Collar
20:46 Castle Age
18:47 Double-Bit Axe
21:15 Wheelbarrow
20:35 Fletching
20:47 Gold Mining
21:19 Crossbowman
22:14 Bow Saw
23:05 Heavy Plow
23:36 Padded Archer Armor
Wolfie
6:33 Loom
12:07 Feudal Age
16:31 Castle Age
14:47 Double-Bit Axe
16:28 Horse Collar
20:28 Bow Saw
21:48 Stone Mining
24:24 Pikeman
Superhoops
2:04 Loom
11:10 Feudal Age
18:09 Double-Bit Axe
22:45 Castle Age
22:14 Horse Collar
23:30 Crossbowman
25:46 Padded Archer Armor
27:01 Wheelbarrow
Sir_HaXaLoT.exe
13:47 Feudal Age
16:30 Castle Age
15:05 Gold Mining
18:29 Double-Bit Axe
19:02 Horse Collar
20:26 Heavy Plow
23:37 Wheelbarrow
22:50 Loom
El Botascha 2.0
0:46 Loom
12:15 Feudal Age
12:56 Double-Bit Axe
18:03 Castle Age
17:18 Horse Collar
19:17 Bow Saw
24:19 Wheelbarrow
24:16 Heavy Plow
26:09 Hand Cart
Connection lost

Rejoining the realm…

Still unreachable

The connection could not be restored.

Session expired

The server has moved on; the page needs a fresh start.